AoeStats
← King_B

Arabia

509814477Analyzed
1v1 RM · 3d ago on Sep 28, 2026· 32m 39s· 2 players
Game mode
Random Map
Map size
Tiny (2 player)
Population
200
Speed
Normal
Resources
Standard
Victory
Conquest
Starting age
Dark Age
Ending age
Imperial Age
RankedLock teamsTeams togetherTeam positionsShared explorationLock speedFull tech treeHidden civsTurbo modeCheats
Victory
Defeat
🇨🇳 Danes · China
905
+16
🇺🇸 Tatars · United States
900
-16
King_B
9:52 Feudal Age
10:31 Double-Bit Axe
10:57 Horse Collar
15:25 Wheelbarrow
20:03 Castle Age
20:07 Forging
19:48 Fletching
20:49 Bloodlines
22:24 Hand Cart
23:34 Husbandry
24:25 Bow Saw
26:29 Bodkin Arrow
27:20 Iron Casting
28:34 Town Watch
28:35 Loom
30:55 Scale Barding Armor
32:02 Town Patrol
AMD
8:41 Loom
10:50 Feudal Age
12:05 Double-Bit Axe
16:39 Castle Age
15:15 Horse Collar
17:39 Bow Saw
17:56 Gold Mining
22:56 Gold Shaft Mining
24:05 Wheelbarrow
24:45 Forging
25:13 Heavy Plow
26:18 Squires
26:35 Scale Mail Armor
26:36 Gambesons
27:44 Iron Casting
28:16 Arson
29:09 Chain Mail Armor
Connection lost

Rejoining the realm…

Still unreachable

The connection could not be restored.

Session expired

The server has moved on; the page needs a fresh start.